 Dungeon Crawl Stone Soup version 0.16.2-2-g470672f (webtiles) character file.

154 monobi the Poker (level 5, -3/39 HPs)
             Began as a Demonspawn Gladiator on Sept 2, 2015.
             Slain by Prince Ribbit (5 damage)
             ... on level 4 of the Dungeon.
             The game lasted 00:09:29 (2491 turns).

monobi the Poker (Demonspawn Gladiator)             Turns: 2491, Time: 00:09:29

Health: -3/39      AC: 17    Str: 16    XL:     5   Next: 13%
Magic:  7/7        EV: 13    Int:  9    God:
Gold:   197        SH:  0    Dex: 19    Spells: 0 memorised, 6 levels left

rFire  + . .     SeeInvis .     a - +0 trident
rCold  + + .     Clarity  .     r - +0 chain mail
rNeg   . . .     SustAb   .     (no shield)
rPois  +         Gourm    .     c - +0 helmet
rElec  +         Spirit   .     (no cloak)
rCorr  +         Warding  .     o - +0 pair of gloves
rMut   .         Stasis   .     (no boots)
MR     .....                    (no amulet)
Stlth  ..........               (no ring)
                                (no ring)

@: agile, resistant, very slightly contaminated, hasted, very quick, not
resistant to hostile enchantments, extremely unstealthy
A: iridescent scales 2, cold resistance 1, demonic guardian 1
a: no special abilities


You were on level 4 of the Dungeon.
You were hungry.

You visited 1 branch of the dungeon, and saw 4 of its levels.

You collected 197 gold pieces.

Inventory:

Hand weapons
 a - a +0 trident (weapon)
Missiles
 d - 3 throwing nets (quivered)
 y - 6 bolts of flame
Armour
 c - a +0 helmet (worn)
 o - a +0 pair of gloves (worn)
 r - a +0 chain mail (worn)
 x - a +1 hat
Jewellery
 b - a -3 ring of dexterity
Scrolls
 e - 5 scrolls of remove curse
 g - a scroll of random uselessness {unknown}
 h - a scroll of enchant weapon {unknown}
 j - 2 scrolls of recharging {unknown}
 n - a scroll of identify {unknown}
 s - a scroll of amnesia {unknown}
Books
 v - a book of Spatial Translocations

   Spells                             Type                      Level
   a - Apportation                    Translocation                1
   b - Blink                          Translocation                2
   c - Shroud of Golubria             Charms/Translocation         2
   d - Portal Projectile              Translocation                3
   e - Teleport Other                 Translocation                3
   f - Passage of Golubria            Translocation                4
Comestibles
 f - a bread ration
 i - a royal jelly
 m - 2 meat rations
 w - a beef jerky
 z - 2 chunks of flesh


   Skills:
 + Level 2.6 Fighting
 + Level 3.7 Polearms
 + Level 1.8 Throwing
 * Level 2.3 Armour
 + Level 3.1 Dodging
 * Level 1.0 Spellcasting


You had 6 spell levels left.
You didn't know any spells.

Dungeon Overview and Level Annotations

Branches:
Dungeon (4/15)
 Temple: D:4-7

Altars:
Dithmenos
Okawaru
Qazlal
Zin

Annotations:
D:4 Prince Ribbit


Innate Abilities, Weirdness & Mutations

You are mostly covered in iridescent scales (AC +6).
Your flesh is cold resistant.
A weak demonic guardian rushes to your aid.


Message History

A worker ant comes into view.
The worker ant twitches its antennae in your direction.
Prince Ribbit croaks regally.
Prince Ribbit blinks!
Prince Ribbit momentarily phases out as your white imp's attack passes through him.
Found a scroll of remove curse.
Your white imp gestures at Prince Ribbit.
The puff of frost hits Prince Ribbit.
Prince Ribbit blinks!
Prince Ribbit momentarily phases out as your attack passes through him.
Prince Ribbit is lightly wounded.
Prince Ribbit hits you!
* * * LOW HITPOINT WARNING * * *
The worker ant bites you but does no damage.
Your white imp misses Prince Ribbit.
Prince Ribbit blinks!
Your white imp gestures at Prince Ribbit.
The puff of frost hits Prince Ribbit.
You see here a ball python corpse.
Prince Ribbit hits you.
You die...

#....#.#......####.#
###..#.#.#.###..###
#........#.# #....# #
#.>......####F####
#)##.##.####..#.#..#
##.#..##.####.††#F..#
#......#....####)####
#..#.#.#....# #.#.#
............####@####
####.###....#.#.†F#.#
#...# #....#.......#
#.### ######....a5.#
##.#### #.......#
......# #.......#
##.##.# #.......#
##.# # #.......# ##..
#.......#


You could see Prince Ribbit, a worker ant and a friendly white imp.

Vanquished Creatures
  A worker ant (D:4)
  4 adders
  A giant mite (D:3)
  An ooze (D:2)
  An orc (D:4)
  A bat skeleton (D:4)
  3 giant cockroaches
  10 goblins
  8 hobgoblins
  3 jackals (D:4)
  13 kobolds
  3 ball pythons
  5 bats
  3 giant geckos
  3 giant newts
  A quokka (D:2)
  10 rats
71 creatures vanquished.

Vanquished Creatures (collateral kills)
  A hound (D:4)
1 creature vanquished.

Vanquished Creatures (others)
  A crimson imp (D:4)
  3 quasits (D:4)
  An ufetubus (D:4)
5 creatures vanquished.

Grand Total: 77 creatures vanquished

Notes
Turn   | Place    | Note
--------------------------------------------------------------
     0 | D:1      | monobi, the Demonspawn Gladiator, began the quest for the Orb.
     0 | D:1      | Reached XP level 1. HP: 16/16 MP: 1/1
   320 | D:1      | Gained mutation: You are partially covered in iridescent scales (AC +4). [demonic ancestry]
   320 | D:1      | Reached XP level 2. HP: 22/22 MP: 2/2
   327 | D:1      | Reached skill level 3 in Dodging
   865 | D:2      | Gained mutation: A weak demonic guardian rushes to your aid. [demonic ancestry]
   865 | D:2      | Reached XP level 3. HP: 27/27 MP: 3/3
  1146 | D:2      | Reached skill level 1 in Armour
  1372 | D:2      | Found an iron altar of Okawaru.
  1628 | D:3      | Gained mutation: Your flesh is cold resistant. [demonic ancestry]
  1628 | D:3      | Reached XP level 4. HP: 31/34 MP: 4/4
  1635 | D:3      | Found a stormy altar of Qazlal.
  2031 | D:3      | Found a glowing silver altar of Zin.
  2162 | D:3      | Found a shadowy altar of Dithmenos.
  2385 | D:4      | Noticed Prince Ribbit
  2402 | D:4      | Gained mutation: You are mostly covered in iridescent scales (AC +6). [demonic ancestry]
  2402 | D:4      | Reached XP level 5. HP: 22/39 MP: 5/5
  2424 | D:4      | Reached skill level 1 in Spellcasting
  2486 | D:4      | HP: 1/39 [Prince Ribbit (9)]
  2491 | D:4      | Slain by Prince Ribbit

Action                   |  1- 3 |  4- 6 || total
-------------------------+-------+-------++-------
Melee: Trident           |   169 |   112 ||   281
  Use: Scroll            |     1 |       ||     1
       Potion            |       |     7 ||     7
 Stab: Sleeping          |     1 |       ||     1
       Distracted        |       |     1 ||     1
  Eat: Chunk             |     3 |     2 ||     5
